 Dungeon Crawl Stone Soup version 0.30-a0-374-g95c0257040 (webtiles) character file.

Game seed: 14106273271223699175

92 KennySheep the Shooter (level 4, -9/23 (25) HPs)
             Began as a Deep Elf Hexslinger on Nov 27, 2022.
             Was a Follower of Trog.
             Killed by divine providence
             ... invoked by an orc priest
              (17 damage)
             ... on level 5 of the Dungeon.
             The game lasted 00:05:58 (2452 turns).

KennySheep the Shooter (Deep Elf Hexslinger)        Turns: 2452, Time: 00:05:58

HP:   -9/23 (25)    AC:  3    Str:  7    XL:     4   Next: 35%
MP:   8/8           EV: 13    Int: 22    God:    Trog [*.....]
Gold: 182           SH:  0    Dex: 17    Spells: 5/6 levels left

rFire   + + .      SeeInvis .    a - +1 sling
rCold   . . .      Faith    +    (no shield)
rNeg    + . .      Spirit   .    c - +0 robe
rPois   .          Reflect  .    i - +0 helmet
rElec   .          Harm     .    (no cloak)
rCorr   .          Rampage  .    (no gloves)
Will    .....                    (no boots)
Stlth   ++........               o - amulet of faith
HPRegen 0.23/turn                y - ring "Wathroer" {rF++ rN+ Int+4}
MPRegen 0.11/turn                (no ring)

@: drained
A: no striking features
a: Renounce Religion, Berserk


You were on level 5 of the Dungeon.
You worshipped Trog.
Trog was aware of your devotion.
You visited 1 branch of the dungeon, and saw 5 of its levels.

You collected 182 gold pieces.

Inventory:

Hand Weapons
 a - a +1 sling (weapon)
Armour
 c - a +0 robe (worn)
 i - a +0 helmet (worn)
Jewellery
 o - an amulet of faith (around neck)
 r - an amulet of guardian spirit
 y - the ring "Wathroer" (left hand) {rF++ rN+ Int+4}
   (You acquired it on level 6 of the Dungeon)

   [ring of positive energy]

   Int:       It affects your intelligence (+4).
   rF:        It greatly protects you from fire.
   rN:        It protects you from negative energy.
Scrolls
 b - 2 scrolls of poison
 d - a scroll of teleportation {unknown}
 e - a scroll of enchant armour {unknown}
 f - 5 scrolls of identify
 k - a scroll of immolation {unknown}
 l - a scroll of vulnerability
 n - a scroll of fear
 p - a scroll of enchant weapon {unknown}
 q - 2 scrolls of magic mapping
 s - a scroll of blinking {unknown}
 w - a scroll of silence {unknown}
Potions
 g - a potion of resistance {unknown}
 h - a potion of haste
 j - a potion of heal wounds {unknown}
 m - a potion of degeneration {unknown}
 t - a potion of berserk rage {unknown}
 u - a potion of lignification {unknown}
 v - a potion of might
 x - a potion of mutation {unknown}


   Skills:
 + Level 1.5 Fighting
 * Level 4.1 Ranged Weapons
 + Level 3.1 Dodging
 * Level 3.0 Stealth
 - Level 1.5 Spellcasting
 - Level 4.0 Hexes


You had 5 spell levels left.
You knew the following spells:

 Your Spells              Type           Power      Damage    Failure   Level
a - Slow                  Hex            76%        N/A       2%          1

Your spell library contained the following spells:

 Spells                   Type           Power      Damage    Failure   Level
 Inner Flame              Hex/Fire       10%        N/A       19%         3
 Portal Projectile        Hex/Tloc       20%        N/A       19%         3
 Cause Fear               Hex            9%         N/A       28%         4


Dungeon Overview and Level Annotations

Branches:
Dungeon (6/15)
 Temple: D:4-7

Altars:
Cheibriados
Makhleb
Okawaru
Sif Muna
Trog
Uskayaw

Annotations:
D:1 1 transporter
D:3 Sigmund


Message History

The sling bullet hits the orc but does no damage.
You hear an angry hiss.
The orc hits you with a +0 mace.
The orc wizard casts a spell.
The orc wizard flickers and vanishes!
Deactivating autopickup; reactivate with Ctrl-A.
The orc closely misses you. The orc closely misses you.
The orc priest hits you with a +0 whip.
You climb upwards.
You hear the sound of rushing water.
There is an entrance to a sewer on this level.
Hurry and find it before the portal rusts away!
Reactivating autopickup.
Found 14 gold pieces and a blue potion.
There is a stone staircase leading down here.
You shoot a sling bullet.
The sling bullet closely misses the orc priest.
The orc hits you but does no damage.
The orc priest hits you but does no damage.
You shoot a sling bullet.
The sling bullet closely misses the orc priest.
The orc barely misses you.
The orc priest invokes the aid of Beogh against you.
You barely resist. You shoot a sling bullet.
The sling bullet hits the orc priest.
The orc priest is heavily wounded.
The orc sings a few bars from the Orcish anthem.
The orc closely misses you.
The orc priest casts a cantrip, but nothing happens.
You shoot a sling bullet.
The sling bullet hits the orc priest but does no damage.
The orc priest is heavily wounded.
The orc priest misses you. The orc hits you with a +0 mace!
You shoot a sling bullet.
The sling bullet hits the orc priest but does no damage.
The orc priest is heavily wounded.
The orc barely misses you. The orc priest hits you with a +0 whip.
The orc priest invokes the aid of Beogh against you.
Beogh smites you!
Ouch! That really hurt!
You die...

.#
.##.######...#
......o@o.$!.#
..#.#####......
.#.## #


You could see an orc priest and an orc.

Vanquished Creatures
  Natasha (D:3)
  An adder (D:2)
  A white imp (D:6)
  A worm (D:6)
  3 dart slugs
  3 ball pythons
  3 bats
  2 endoplasms
  A giant cockroach (D:1)
  4 goblins (D:1)
  8 hobgoblins
  2 quokkas
  4 frilled lizards
  6 kobolds
  3 rats
43 creatures vanquished.

Notes
Turn   | Place    | Note
-------+----------+-------------------------------------------
     0 | D:1      | KennySheep the Deep Elf Hexslinger began the quest for the
                  | Orb.
     0 | D:1      | Reached XP level 1. HP: 11/11 MP: 5/5
   153 | D:1      | Reached skill level 1 in Stealth
   155 | D:1      | Reached skill level 1 in Fighting
   155 | D:1      | Reached XP level 2. HP: 16/16 MP: 6/6
   371 | D:1      | Found a faded altar of an unknown god.
   404 | D:1      | Prayed at the altar of an unknown god.
   404 | D:1      | Became a worshipper of Trog the Wrathful
   404 | D:1      | Reached * piety under Trog
   614 | D:1      | Found a shimmering blue altar of Sif Muna.
   635 | D:1      | Reached XP level 3. HP: 13/20 MP: 7/7
  1773 | D:3      | Found a burning altar of Makhleb.
  1908 | D:3      | Noticed Sigmund
  2233 | D:3      | Noticed Natasha
  2240 | D:3      | Killed Natasha
  2241 | D:3      | Reached XP level 4. HP: 7/25 MP: 8/8
  2310 | D:3      | You fall into a shaft and drop 3 floors!
  2324 | D:6      | Identified a scroll of acquirement
  2325 | D:6      | Acquired the ring "Wathroer" {rF++ rN+ Int+4}
  2350 | D:6      | Found a snail-covered altar of Cheibriados.
  2418 | D:6      | Found a hide-covered altar of Uskayaw.
  2418 | D:6      | Found an iron altar of Okawaru.
  2447 | D:5      | Entered Level 5 of the Dungeon
  2452 | D:5      | Killed from afar by an orc priest

Illustrated notes

Levels and vault maps discovered:
D:1:      spicycebolla_arrival_transporter_tutorial, layout_basic,
          hellmonk_ecumenical_altar_pennies_from_heaven, minmay_hexomino_r4
D:2:      layout_basic
D:3:      layout_loops_corners, lemuel_tele_altar, uniq_natasha, uniq_sigmund
D:5:      layout_loops_ring, minmay_temple_entry_arrows, portal_sewer_entry_a
D:6:      layout_basic, slow_altar_2,
          nicolae_gozag_cash_rules_everything_around_me,
          nicolae_overflow_two_pavilions

Skill      XL: |  1  2  3  4 |
---------------+-------------+-----
Ranged Weapons | 3 4 |  4.1
Stealth        | 1 2 3 |  3.0
Fighting       | 1 |  1.5
Dodging        | 3 |  3.1
Spellcasting   | |  1.5
Hexes          | |  4.0

Action                   |  1- 3 |  4- 6 || total
-------------------------+-------+-------++-------
 Fire: Sling             |   150 |    18 ||   168
  Use: Potion            |     4 |       ||     4
       Scroll            |       |     5 ||     5
Armor: Robe              |     5 |     2 ||     7
Dodge: Dodged            |    38 |    12 ||    50

Table legend: (Time is in decaauts)
 A = Elapsed time spent in this place.
 B = Non-inter-level travel time spent in this place.
 C = Inter-level travel time spent in this place.
 D = Time resting spent in this place.
 E = Time spent auto-exploring this place.
 F = Levels seen in this place.
 G = Mean time per level.
                   A        B        C        D        E       F      G
               +--------+--------+--------+--------+--------+-----+--------+
         Total |   2479 |   2359 |    120 |    141 |   1755 |   5 |  495.8 |
       Dungeon |   2479 |   2359 |    120 |    141 |   1755 |   5 |  495.8 |
               +--------+--------+--------+--------+--------+-----+--------+

Top non-repeatable levels by time:
     D:1: 1066 daAuts
     D:3: 663 daAuts
     D:2: 605 daAuts
     D:6: 138 daAuts
     D:5: 5 daAuts
